 Dungeon Crawl Stone Soup version 0.23-a0-143-g1adec7b (webtiles) character file.

25 galech the Skirmisher (level 2, -5/24 HPs)
             Began as a Demonspawn Monk on Sept 3, 2018.
             Slain by a worm (9 damage)
             ... on level 2 of the Dungeon.
             The game lasted 00:01:01 (807 turns).

galech the Skirmisher (Demonspawn Monk)              Turns: 807, Time: 00:01:01

Health: -5/24      AC:  2    Str: 15    XL:     2   Next: 86%
Magic:  2/2        EV: 13    Int: 11    God:
Gold:   22         SH:  0    Dex: 15    Spells: 1/1 levels left

rFire    . . .     SeeInvis .   a - +0 hand axe
rCold    . . .     Gourm    .   (no shield)
rNeg     . . .     Faith    .   b - +0 robe
rPois    .         Spirit   .   (no helmet)
rElec    .         Reflect  .   (no cloak)
rCorr    .         Harm     .   (no gloves)
MR       .....                  (no boots)
Stlth    +++.......             (no amulet)
HPRegen  0.08/turn              m - +4 ring of strength
MPRegen  0.08/turn              n - ring of stealth

@: no status effects
A: hooves 1
a: no special abilities


You were on level 2 of the Dungeon.
You were not hungry.

You visited 1 branch of the dungeon, and saw 2 of its levels.

You collected 22 gold pieces.

Inventory:

Hand Weapons
 a - a +0 hand axe (weapon)
Armour
 b - a +0 robe (worn)
Jewellery
 m - a +4 ring of strength (left hand)
 n - a ring of stealth (right hand)
Scrolls
 d - a scroll of identify {unknown}
 e - a scroll of remove curse {unknown}
 h - a scroll of fog {unknown}
 i - 2 scrolls of teleportation {unknown}
 l - a scroll of blinking {unknown}
 p - a scroll of amnesia {unknown}
Potions
 g - a potion of ambrosia {unknown}
 j - a potion of lignification {unknown}
 k - a potion of agility {unknown}
 o - a potion of curing {unknown}
Comestibles
 c - 3 rations
 f - 8 chunks of flesh


   Skills:
 + Level 3.3 Fighting
 + Level 3.1 Axes
 + Level 3.0 Dodging
 + Level 2.0 Stealth


You had one spell level left.
You didn't know any spells.
Your spell library was empty.

Dungeon Overview and Level Annotations

Branches:
Dungeon (2/15)

Altars:
Elyvilon


Innate Abilities, Weirdness & Mutations

You have large cloven feet.


Message History

You are too injured to fight recklessly!
You are too injured to fight recklessly!
You are too injured to fight recklessly!
You are too injured to fight recklessly!
You are too injured to fight recklessly!
You are too injured to fight recklessly!
You are too injured to fight recklessly!
You hit the worm but do no damage.
The worm is lightly wounded.
The worm closely misses you.
You hit the worm. You kick the worm.
The worm is heavily wounded.
You hit the worm.
The worm is heavily wounded.
The worm bites you!
* * * LOW HITPOINT WARNING * * *
You hit the worm. You kick the worm, but do no damage.
The worm is severely wounded.
The worm bites you!
You die...

# ###.###..##....#
#.#.....#..####..#
##.#.....#..####..#
................>.#
##.#...>.#..####..#
# #.....#..#
##...##
#.###.###..## .#...
####...........#
#...
.......@#...#.$#
#...
#####.w.#..##.##
#..# #...#.##.#.
#... #...#.#.# .
###.#... ....###w
#.#....... ###..# #
##.###. #..# #...
.... #.#. #...


You could see a worm.

Vanquished Creatures
  An ooze (D:2)
  A worm (D:2)
  A dart slug (D:1)
  3 bats
  2 goblins
  3 hobgoblins
  2 kobolds (D:1)
  2 frilled lizards
  A rat (D:1)
16 creatures vanquished.

Notes
Turn   | Place    | Note
-------+----------+-------------------------------------------
     0 | D:1      | galech the Demonspawn Monk began the quest for the Orb.
     0 | D:1      | Reached XP level 1. HP: 18/18 MP: 1/1
   332 | D:1      | Gained mutation: You have large cloven feet. [demonic
                  | ancestry]
   332 | D:1      | Reached XP level 2. HP: 21/24 MP: 2/2
   692 | D:2      | Found a white marble altar of Elyvilon.
   807 | D:2      | Slain by a worm

Vault maps used:
D:1:      minmay_arrival_radiant_lines
D:2:      kennysheep_ying_yang, lemuel_coloured_pillars_altar,
          old_standard_altar, marbit_many_paths, minivault_27,
          dk_noncrumbling_4, st_stairs_3, minmay_liquid_box

Skill      XL: |  1  2 |
---------------+-------+-----
Axes           | 3 |  3.1
Dodging        | 3 |  3.0
Stealth        | 2 |  2.0
Fighting       | |  3.3

Action                   || total
-------------------------++-------
Melee: Hand axe          ||    53
       Kick              ||     6
 Stab: Sleeping          ||     1
Armor: Robe              ||     6
Dodge: Dodged            ||    37

Table legend:
 A = Non-vault XP
 B = Vault XP
 C = Vault XP percentage of total XP
 D = Non-vault monster count
 E = Vault monster count
 F = Vault count percentage of total count
                 A         B        C        D         E       F
            +---------+---------+-------+---------+---------+-------
      Total |      29 |       8 |  21.6 |      13 |       3 |  18.8
            +---------+---------+-------+---------+---------+-------
        D:1 |      17 |       0 |   0.0 |       9 |       0 |   0.0
        D:2 |      12 |       8 |  40.0 |       4 |       3 |  42.9
            +---------+---------+-------+---------+---------+-------
